 Dungeon Crawl Stone Soup version 0.21-a0-329-g12f17e1 (webtiles) character file.

17311 tilp the Fighter (level 12, -2/121 HPs)
             Began as a Hill Orc Fire Elementalist on Oct 1, 2017.
             Was a High Priest of Okawaru.
             Slain by an ogre
             ... wielding a +0 giant club
              (23 damage)
             ... on level 1 of the Orcish Mines.
             The game lasted 00:55:45 (14653 turns).

tilp the Fighter (Hill Orc Fire Elementalist)      Turns: 14653, Time: 00:55:46

Health: -2/121     AC: 21    Str: 15    XL:     12   Next: 46%
Magic:  4/23       EV: 13    Int: 25    God:    Okawaru [*****.]
Gold:   210        SH:  0    Dex: 11    Spells: 16/31 levels left

rFire    + . .     SeeInvis .   G - +8 spear of Popular Demand {pierce, -Tele MR+ Int+3}
rCold    . . .     Gourm    .   (no shield)
rNeg     . . .     Faith    +   q - +2 ring mail of Eternal Vigilance {+Inv rElec rPois}
rPois    +         Spirit   .   p - +2 helmet {Int+3}
rElec    +         Reflect  .   i - +2 cloak
rCorr    .         Harm     .   k - +2 pair of gloves
MR       +....     NoTele   +   u - +2 pair of boots
Stlth    ++........             t - amulet of faith
HPRegen  0.30/turn              m - +2 ring of slaying
MPRegen  0.18/turn              x - +3 ring of strength

@: heroism, very slightly contaminated
A: blink, fire resistance 1, low mp 1, poison resistance, robust 1, screaming 1
a: Blink, Heroism, Finesse, Renounce Religion, Evoke Invisibility


You were on level 1 of the Orcish Mines.
You worshipped Okawaru.
Okawaru was extremely pleased with you.
You were not hungry.

You visited 4 branches of the dungeon, and saw 15 of its levels.

You collected 676 gold pieces.
You spent 466 gold pieces at shops.

Inventory:

Hand Weapons
 G - the +8 spear of Popular Demand (weapon) {pierce, -Tele MR+ Int+3}
   (You found it on level 8 of the Dungeon)

   It inflicts extra damage upon your enemies.
   It affects your intelligence (+3).
   It affects your resistance to hostile enchantments.
   It prevents most forms of teleportation.
 P - the +9 dagger of the Pure Ships {antimagic, +Inv rPois rC+ Dex+3}
   (You found it on level 6 of the Dungeon)

   It reduces the magical energy of the wielder, and disrupts the spells and
   magical abilities of those hit.
   Natural abilities and divine invocations are not affected.
   It affects your dexterity (+3).
   It protects you from cold.
   It protects you from poison.
   It lets you turn invisible.
 U - a +1 broad axe of freezing
Missiles
 z - 3 javelins (quivered)
 Q - 23 tomahawks
Armour
 i - a +2 cloak (worn)
 k - a +2 pair of gloves (worn)
 l - a +1 helmet of see invisible
 p - a +2 helmet of intelligence (worn)
 q - the +2 ring mail of Eternal Vigilance (worn) {+Inv rElec rPois}
   (You bought it in a shop on level 11 of the Dungeon)

   It insulates you from electricity.
   It protects you from poison.
   It lets you turn invisible.
 u - a +2 pair of boots (worn)
Jewellery
 a - a +3 ring of intelligence {unknown}
 m - a +2 ring of slaying (left hand)
 t - an amulet of faith (around neck)
 x - a +3 ring of strength (right hand)
 F - an uncursed ring of protection from fire
 W - an uncursed ring of wizardry {unknown}
Wands
 d - a wand of disintegration (8/24)
 n - a wand of paralysis (13/24)
 A - a wand of iceblast (4/15)
 J - a wand of polymorph (10/24)
 O - a wand of enslavement (13/24)
 V - a wand of confusion (35/48)
 Z - a wand of acid (9/15)
Scrolls
 e - 2 scrolls of remove curse
 f - 3 scrolls of teleportation
 h - 2 scrolls of recharging {unknown}
 o - a scroll of enchant weapon {unknown}
 w - 2 scrolls of magic mapping
 y - a scroll of fog {unknown}
 H - a scroll of fear {unknown}
 N - a scroll of blinking {unknown}
Potions
 b - a potion of cancellation {unknown}
 g - 2 potions of haste
 j - 3 potions of curing
 v - 2 potions of ambrosia
 C - 3 potions of flight
 I - 4 potions of heal wounds
 K - 7 potions of agility
 L - a potion of might
 X - a potion of brilliance {unknown}
Comestibles
 c - 15 bread rations
 r - 6 chunks of flesh


   Skills:
 - Level 11.1(16.1) Fighting
 - Level 1.5(6.5) Dodging
 - Level 1.5(6.5) Stealth
 + Level 10.0 Spellcasting
 - Level 7.5 Conjurations
 - Level 9.0 Fire Magic
 - Level 6.0 Invocations
 + Level 4.5 Evocations


You had 16 spell levels left.
You knew the following spells:

 Your Spells              Type           Power        Failure   Level  Hunger
a - Flame Tongue          Conj/Fire      #####        1%          1    None
b - Throw Flame           Conj/Fire      ######       1%          2    None
c - Conjure Flame         Conj/Fire      ######..     1%          3    None
d - Sticky Flame          Conj/Fire      ######..     3%          4    None
e - Fireball              Conj/Fire      ######....   9%          5    ####...


Dungeon Overview and Level Annotations

Branches:
Dungeon (11/15)            Temple (1/1) D:4            Lair (1/6) D:10
    Orc (2/2) D:11
    Elf: Orc:2

Altars:
Ashenzari
Cheibriados
Dithmenos
Elyvilon
Fedhas
Gozag
Hepliaklqana
Kikubaaqudgha
Makhleb
Nemelex Xobeh
Okawaru
Qazlal
Ru
Sif Muna
Trog
Uskayaw
Vehumet
Wu Jian
Xom
Yredelemnul
Zin
The Shining One

Shops:
D:10 *(=[   D:11 [

Annotations:
D:5 Pikel
D:8 water vault - needs flight
D:9 hornet vault - needs dig
D:10 2 transporters (kob dem x 5, elf knight x 2, orc sorc)


Innate Abilities, Weirdness & Mutations

You can translocate small distances at will.
Your flesh is heat resistant. (rF+)
Your magical capacity is low. (-10% MP)
Your system is resistant to poisons. (rPois)
You are robust. (+10% HP)
You occasionally shout uncontrollably at your foes.


Message History

The troll bites you but does no damage. The troll claws you!
* * * LOW HITPOINT WARNING * * *
The troll claws you but does no damage. The ogre completely misses you.
You feel much better.
The two-headed ogre burns!
The ogre misses you. The troll barely misses you. The troll closely misses you.
The troll barely misses you.
The two-headed ogre hits you with a giant club!
* * * LOW HITPOINT WARNING * * *
The two-headed ogre closely misses you.
You puncture the two-headed ogre!
You kill the two-headed ogre!
Okawaru is honoured by your kill.
Training target 6.0 for Invocations reached!
Your Spellcasting skill increases to level 10!
Your Invocations skill increases to level 6!
The ogre completely misses you. The troll closely misses you.
The troll claws you.
* * * LOW HITPOINT WARNING * * *
The troll barely misses you. The ogre hits you with a giant club!!
You die...

...# #...### ####
###...#
.#######.....####
...##........##.##
....##...........##
.....#...##.)))...#
..........##))>)..#
........####...TO###
#..)....###....)@..#
...##..........O..##
.^.###.........####
....#..#........#
..######.......##
### #.....#### #
####..# # #..# #
####


You could see a troll and 2 ogres.

Vanquished Creatures
  Snorg (D:11)
  3 hydras (D:11)
  6 two-headed ogres
  An orc high priest (D:11)
  An ugly thing (D:11)
  A manticore (D:11)
  Maurice (D:11)
  A centaur skeleton (D:10)
  A kobold demonologist (D:11)
  A troll (D:9)
  A spriggan (D:8)
  A wyvern (D:10)
  7 yaks (D:10)
  A hungry ghost (D:8)
  Grum (D:11)
  3 basilisks
  A soldier ant (D:10)
  A water moccasin (D:11)
  Duvessa (D:6)
  2 porcupines (D:10)
  6 orc warriors
  An ice beast (D:10)
  3 slaves (D:5)
  A black bear (D:10)
  3 phantoms
  A sky beast (D:7)
  3 centaurs
  10 ogres
  3 wolves (D:11)
  2 crocodiles (D:10)
  2 big kobolds (D:9)
  6 bullfrogs
  Dowan (D:6)
  4 scorpions
  4 killer bees (D:9)
  5 wights (D:7)
  3 electric eels (D:8)
  A howler monkey (D:5)
  6 crimson imps
  A bullfrog zombie (D:5)
  7 hounds
  4 orc priests
  5 jellies
  A bullfrog skeleton (D:2)
  A gnoll shaman (D:5)
  An iguana (D:4)
  Terence (D:3)
  Natasha (thrice) (D:2)
  10 orc wizards
  8 worker ants
  4 hound skeletons
  8 gnolls
  7 adders
  2 shadow imps (D:5)
  3 oozes
  A worm (D:3)
  2 dart slugs
  4 leopard geckos
  51 orcs
  3 ball pythons
  4 giant cockroaches
  4 hobgoblins
  17 jackals
  4 quokkas
  5 bats
  9 frilled lizards
  6 goblins
  21 kobolds
  A leopard gecko skeleton (D:5)
  4 rats
303 creatures vanquished.

Vanquished Creatures (others)
  An adder (D:3)
  A kobold (D:3)
  A plant (D:10)
3 creatures vanquished.

Grand Total: 306 creatures vanquished

Notes
Turn   | Place    | Note
-------+----------+-------------------------------------------
     0 | D:1      | tilp the Hill Orc Fire Elementalist began the quest for the Orb.
     0 | D:1      | Reached XP level 1. HP: 14/14 MP: 3/3
   459 | D:1      | Reached XP level 2. HP: 20/20 MP: 4/4
   849 | D:1      | Reached XP level 3. HP: 26/26 MP: 4/6
   853 | D:1      | Learned a level 2 spell: Throw Flame
   857 | D:1      | Learned a level 3 spell: Conjure Flame
  1325 | D:2      | Reached XP level 4. HP: 31/33 MP: 2/7
  1382 | D:2      | Found a sparkling altar of Nemelex Xobeh.
  1448 | D:2      | Found an ornate altar of the Wu Jian Council.
  1690 | D:2      | Noticed Natasha
  1716 | D:2      | Killed Natasha
  1716 | D:2      | Reached XP level 5. HP: 31/38 MP: 4/8
  1752 | D:2      | Noticed Natasha
  1757 | D:2      | Killed Natasha
  1877 | D:2      | Found a glowing silver altar of Zin.
  1925 | D:2      | Found an ancient bone altar of Kikubaaqudgha.
  1926 | D:2      | Noticed Natasha
  1932 | D:2      | Killed Natasha
  2083 | D:3      | Noticed Terence
  2092 | D:3      | Killed Terence
  2203 | D:3      | Reached XP level 6. HP: 45/45 MP: 8/10
  2287 | D:3      | Reached skill level 5 in Fire Magic
  2386 | D:3      | Found a shattered altar of Ashenzari.
  2639 | D:3      | Learned a level 4 spell: Sticky Flame
  3050 | D:3      | Found a radiant altar of Vehumet.
  3563 | D:3      | Found a snail-covered altar of Cheibriados.
  3654 | D:3      | Found an iron altar of Okawaru.
  3737 | D:4      | Reached XP level 7. HP: 39/50 MP: 4/12
  3863 | D:3      | Became a worshipper of Warmaster Okawaru
  4385 | D:4      | Found a staircase to the Ecumenical Temple.
  4394 | Temple   | Entered the Ecumenical Temple
  4733 | D:5      | Entered Level 5 of the Dungeon
  5005 | D:5      | Found a sacrificial altar of Ru.
  5198 | D:5      | Reached skill level 5 in Conjurations
  5198 | D:5      | Reached XP level 8. HP: 34/57 MP: 3/14
  5226 | D:5      | Noticed Pikel
  5764 | D:5      | Found a shadowy altar of Dithmenos.
  6507 | D:6      | Reached * piety under Okawaru
  6561 | D:6      | Noticed Duvessa
  6576 | D:6      | Noticed Dowan
  6578 | D:6      | Killed Duvessa
  6596 | D:6      | Killed Dowan
  6721 | D:6      | Got a brightly glowing dagger
  6762 | D:6      | Identified the +9 dagger of the Pure Ships {antimagic, +Inv rPois rC+ Dex+3} (You found it on level 6 of the Dungeon)
  6771 | D:6      | Learned a level 5 spell: Fireball
  6788 | D:6      | Found a glowing golden altar of the Shining One.
  6817 | D:6      | Reached skill level 5 in Spellcasting
  7238 | D:7      | Reached XP level 9. HP: 62/62 MP: 1/16
  7242 | D:7      | Gained mutation: Your magical capacity is low. (-10% MP) [mutagenic meat]
  7243 | D:7      | Gained mutation: You occasionally shout uncontrollably at your foes. [mutagenic meat]
  7244 | D:7      | Gained mutation: Your body sometimes deteriorates upon taking damage. [mutagenic meat]
  7245 | D:7      | Gained mutation: Your mind is acute. (Int +2) [mutagenic meat]
  7246 | D:7      | Gained mutation: You are robust. (+10% HP) [mutagenic meat]
  7383 | D:7      | Reached ** piety under Okawaru
  7974 | D:7      | Found a deep blue altar of Sif Muna.
  8760 | D:8      | Got a faintly glowing spear
  9312 | D:8      | Identified the +8 spear of Popular Demand {pierce, -Tele MR+ Int+3} (You found it on level 8 of the Dungeon)
  9394 | D:9      | Reached *** piety under Okawaru
  9480 | D:9      | Noticed a troll
  9491 | D:9      | Killed a troll
  9773 | D:9      | Noticed a hornet
  9773 | D:9      | Noticed a hornet
  9773 | D:9      | Noticed a hornet
  9773 | D:9      | Noticed a hornet
  9773 | D:9      | Noticed a hornet
  9773 | D:9      | Noticed a hornet
  9773 | D:9      | Noticed a hornet
  9773 | D:9      | Noticed a hornet
  9791 | D:9      | Noticed a hornet
  9792 | D:9      | Noticed a hornet
  9839 | D:9      | Reached skill level 1 in Fighting
  9905 | D:9      | Reached skill level 2 in Fighting
  9937 | D:9      | Found a sacrificial altar of Ru.
 10061 | D:9      | Reached skill level 3 in Fighting
 10061 | D:9      | Reached XP level 10. HP: 82/84 MP: 8/17
 10159 | D:9      | Found a white marble altar of Elyvilon.
 10417 | D:10     | Entered Level 10 of the Dungeon
 10423 | D:10     | Reached skill level 4 in Fighting
 10511 | D:10     | Reached **** piety under Okawaru
 10609 | D:10     | Found Nocwitoy's Assorted Antiques.
 10617 | D:10     | Bought a scroll of identify for 74 gold pieces
 10618 | D:10     | Lost mutation: Your body sometimes deteriorates upon taking damage. [potion of mutation]
 10618 | D:10     | Lost mutation: Your mind is acute. (Int +2) [potion of mutation]
 10618 | D:10     | Gained mutation: You can translocate small distances at will. [potion of mutation]
 10618 | D:10     | Gained mutation: Your system is resistant to poisons. (rPois) [potion of mutation]
 10618 | D:10     | Gained mutation: Your flesh is heat resistant. (rF+) [potion of mutation]
 10631 | D:10     | Found a transporter.
 10730 | D:10     | Noticed an orc sorcerer
 10730 | D:10     | Noticed a kobold demonologist
 10731 | D:10     | Noticed a kobold demonologist
 10737 | D:10     | Reached skill level 5 in Fighting
 10774 | D:10     | Found a transporter.
 10786 | D:10     | Noticed a kobold demonologist
 10786 | D:10     | Noticed a deep elf knight
 10787 | D:10     | Noticed a kobold demonologist
 10796 | D:10     | Noticed a deep elf knight
 10798 | D:10     | Noticed a kobold demonologist
 10839 | D:10     | Reached skill level 6 in Fighting
 10841 | D:10     | Found a staircase to the Lair.
 11097 | D:10     | Reached ***** piety under Okawaru
 11099 | D:10     | Reached skill level 7 in Fighting
 11265 | D:10     | Found Ixuimm's Antique Armour Boutique.
 11275 | D:10     | Found Okkichun's Jewellery Shoppe.
 11340 | D:10     | Reached skill level 8 in Fighting
 11508 | D:10     | Found Peguot's Antique Weapon Emporium.
 11605 | Lair:1   | Entered Level 1 of the Lair of Beasts
 11631 | D:11     | Noticed a five-headed hydra
 11638 | D:11     | Noticed a two-headed ogre
 11642 | D:11     | Killed a five-headed hydra
 11642 | D:11     | Received a gift from Okawaru
 11642 | D:11     | Reached XP level 11. HP: 62/104 MP: 7/21
 11740 | D:11     | Found a staircase to the Orcish Mines.
 11758 | D:11     | Noticed a two-headed ogre
 11765 | D:11     | Noticed a white ugly thing
 11769 | D:11     | Killed a two-headed ogre
 11769 | D:11     | Reached skill level 9 in Fighting
 11784 | D:11     | Killed a white ugly thing
 11988 | D:11     | Noticed a manticore
 11998 | D:11     | Killed a manticore
 12105 | D:11     | Noticed an eight-headed hydra
 12261 | D:11     | Noticed Maurice
 12367 | D:11     | Killed a two-headed ogre
 12367 | D:11     | Reached skill level 10 in Fighting
 12508 | D:11     | Killed Maurice
 12509 | D:11     | Noticed a seven-headed hydra
 12536 | D:11     | Killed a seven-headed hydra
 12787 | D:11     | Noticed Snorg
 12810 | D:11     | Killed Snorg
 12810 | D:11     | Received a gift from Okawaru
 12810 | D:11     | Reached skill level 1 in Invocations
 12810 | D:11     | Reached skill level 1 in Evocations
 13054 | D:11     | Killed an eight-headed hydra
 13054 | D:11     | Reached skill level 11 in Fighting
 13212 | D:11     | Found Muykk's Armour Shoppe.
 13217 | D:11     | Bought the +2 ring mail of Eternal Vigilance {+Inv rElec rPois} for 392 gold pieces
 13283 | D:11     | Reached XP level 12. HP: 121/121 MP: 20/22
 13368 | D:11     | Noticed Grum
 13385 | D:11     | Killed Grum
 13811 | Orc:1    | Entered Level 1 of the Orcish Mines
 13896 | Orc:1    | Noticed an orc high priest
 13907 | D:11     | Noticed a sun demon
 13907 | D:11     | Killed an orc high priest
 14185 | Orc:2    | Entered Level 2 of the Orcish Mines
 14200 | Orc:2    | Noticed a two-headed ogre
 14205 | Orc:2    | Noticed a two-headed ogre
 14346 | Orc:1    | Killed a two-headed ogre
 14348 | Orc:1    | Killed a two-headed ogre
 14348 | Orc:1    | Reached skill level 5 in Invocations
 14352 | Orc:1    | Received a gift from Okawaru
 14559 | Orc:2    | Noticed a two-headed ogre
 14560 | Orc:2    | Noticed a two-headed ogre
 14650 | Orc:1    | Killed a two-headed ogre
 14653 | Orc:1    | Killed a two-headed ogre
 14653 | Orc:1    | Reached skill level 10 in Spellcasting
 14653 | Orc:1    | Slain by an ogre

Vault maps used:
D:1:      evilmike_arrival_crescent
D:2:      marbit_many_paths, nicolae_overflow_crystal_walls,
          nemelex_xobeh_ov_fountains_minmay, lemuel_round_altar, first_bread,
          uniq_natasha
D:3:      fiery_altar_vehumet, old_standard_altar,
          nicolae_overflow_hidden_temple, lemuel_round_altar,
          kennysheep_generic_room_16, uniq_terence
D:4:      minmay_temple_entry_hall
D:5:      nicolae_dithmenos_the_darkroom, hangedman_ru_absence, uniq_pikel
D:6:      old_standard_altar, uniq_duvessa
D:7:      led_sif_pool
D:8:      the_bakery, kennysheep_flooded_box, water_maze_lemuel
D:9:      lemuel_round_altar, lemuel_doored_altar, hive_lemuel
D:10:     gammafunk_wand_slinger, minmay_lair_entry_grove, serial_shops,
          nicolae_shop_trees, kennysheep_little_box, shop, shop_fountains,
          hangedman_abyss_or_decor_slice, basic_loot_grate_trap
D:11:     orc_0_dummy, serial_shops, nicolae_shop_behind_doors, uniq_snorg,
          uniq_grum, uniq_maurice
Temple:   jpeg_temple_island
Orc:1:    lemuel_ogre_cave, bloody_makhleb
Orc:2:    st_orc_ogre_mass, basic_altar

Skill      XL: |  1  2  3  4  5  6  7  8  9 10 11 12 |
---------------+-------------------------------------+-----
Spellcasting   | 2 3 4 5 6 8 9 10 | 10.0
Conjurations   | 2 3 4 5 6 7 |  7.5
Fire Magic     | 4 5 6 7 9 |  9.0
Fighting       | 3 8 11 | 11.1
Invocations    | 2 6 |  6.0
Evocations     | 2 4 |  4.5
Dodging        | |  1.5
Stealth        | |  1.5

Action                   |  1- 3 |  4- 6 |  7- 9 | 10-12 || total
-------------------------+-------+-------+-------+-------++-------
Melee: Whip              |    73 |   137 |   168 |       ||   378
       Dagger            |       |       |   107 |       ||   107
       Spear             |       |       |    57 |   288 ||   345
       Punch             |       |       |       |     1 ||     1
Throw: Stone             |       |     8 |       |       ||     8
       Javelin           |       |     1 |     7 |       ||     8
       Tomahawk          |       |       |     7 |       ||     7
 Cast: Flame Tongue      |    17 |    61 |   108 |    75 ||   261
       Conjure Flame     |     1 |     3 |    19 |    22 ||    45
       Throw Flame       |       |     5 |    11 |     8 ||    24
       Sticky Flame      |       |     2 |     7 |    32 ||    41
       Fireball          |       |       |       |     3 ||     3
Invok: Heroism           |       |       |       |    12 ||    12
  Use: Scroll            |       |    12 |     5 |     5 ||    22
       Potion            |       |       |       |     3 ||     3
 Stab: Sleeping          |     1 |     1 |     4 |       ||     6
  Eat: Chunk             |     2 |     8 |    24 |    13 ||    47
       Royal jelly       |       |       |     3 |     1 ||     4
Armor: Robe              |    18 |    46 |   110 |       ||   174
       Troll leather arm |       |       |    13 |    72 ||    85
       Ring mail         |       |       |       |   119 ||   119
Dodge: Dodged            |    56 |    80 |   207 |   274 ||   617

Table legend:
 A = Spawn XP
 B = Non-spawn XP
 C = Spawn XP percentage of total XP
 D = Spawn monster count
 E = Non-spawn monster count
 F = Spawn count percentage of total count
 G = Total turns spent on level
                    A         B        C        D         E        F      G
               +---------+---------+-------+---------+---------+-------+---------
         Total |       0 |   24730 |   0.0 |       0 |     300 |   0.0 | 14653
               +---------+---------+-------+---------+---------+-------+---------
           D:1 |       0 |      35 |   0.0 |       0 |      16 |   0.0 |  1135
           D:2 |       0 |     243 |   0.0 |       0 |      24 |   0.0 |   935
           D:3 |       0 |     309 |   0.0 |       0 |      35 |   0.0 |  1683
           D:4 |       0 |     262 |   0.0 |       0 |      19 |   0.0 |   910
           D:5 |       0 |     631 |   0.0 |       0 |      35 |   0.0 |  1640
           D:6 |       0 |     826 |   0.0 |       0 |      22 |   0.0 |   714
           D:7 |       0 |     546 |   0.0 |       0 |      10 |   0.0 |   970
           D:8 |       0 |     718 |   0.0 |       0 |      10 |   0.0 |  1244
           D:9 |       0 |    1285 |   0.0 |       0 |      28 |   0.0 |  1030
          D:10 |       0 |    4218 |   0.0 |       0 |      36 |   0.0 |  1399
          D:11 |       0 |   11037 |   0.0 |       0 |      44 |   0.0 |  2095
         Orc:1 |       0 |    4458 |   0.0 |       0 |      18 |   0.0 |   701
         Orc:2 |       0 |     162 |   0.0 |       0 |       3 |   0.0 |    28
               +---------+---------+-------+---------+---------+-------+---------
